AoeStats
← Chiripa605

Lombardia

507251580Analyzed
4v4 RM · 15d ago on Sep 17, 2026· 67m 4s· 8 players
Game mode
Random Map
Map size
Large (8 player)
Population
200
Speed
Normal
Resources
Standard
Victory
Conquest
Starting age
Dark Age
Ending age
Imperial Age
RankedLock teamsTeams togetherTeam positionsShared explorationLock speedFull tech treeHidden civsTurbo modeCheats
Victory
Defeat
🇹🇼 Slavs · Taiwan
1310
+13
🇰🇷 Spanish · South Korea
1280
+15
🇩🇪 Magyars · Germany
1261
+15
🇭🇰 Shu · Hong Kong SAR China
1256
+16
🇸🇪 Mongols · Sweden
1281
-16
🇺🇸 Hindustanis · United States
1280
-16
🇸🇰 Ethiopians · Slovakia
1229
-14
🇺🇸 Berbers · United States
1210
-13
{duress} Lendon
6:36 Loom
8:54 Feudal Age
13:14 Fletching
14:33 Padded Archer Armor
21:12 Castle Age
21:15 Crossbowman
22:01 Thumb Ring
21:53 Bodkin Arrow
22:40 Leather Archer Armor
22:26 Gold Mining
22:22 Double-Bit Axe
24:12 Bow Saw
24:54 Wheelbarrow
26:39 Ballistics
26:41 Hand Cart
26:12 Town Watch
26:45 Hand Cart
33:07 Imperial Age
32:51 Town Patrol
33:12 Arbalester
34:33 Ring Archer Armor
34:04 Bracer
35:19 Chemistry
43:47 Caravan
58:02 Coiled Serpent Array
58:07 Bolt Magazine
58:28 Conscription
WOLF
0:29 Loom
11:13 Feudal Age
14:52 Double-Bit Axe
17:12 Castle Age
15:38 Horse Collar
18:58 Bow Saw
18:49 Heavy Plow
24:35 Gold Mining
25:51 Wheelbarrow
26:14 Detinets
30:51 Imperial Age
28:45 Stone Mining
29:31 Forging
28:59 Pikeman
30:09 Fortified Wall
30:41 Gold Shaft Mining
30:15 Scale Mail Armor
30:27 Squires
30:11 Man-at-Arms
30:57 Halberdier
32:42 Conscription
31:56 Capped Ram
33:06 Ballistics
33:48 Iron Casting
33:13 Long Swordsman
34:47 Hand Cart
34:15 Onager
34:19 Siege Ram
35:29 Fletching
37:05 Druzhina
38:59 Blast Furnace
40:26 Bodkin Arrow
41:06 Chain Mail Armor
40:58 Caravan
42:13 Chemistry
43:04 Coinage
42:36 Padded Archer Armor
43:09 Plate Mail Armor
42:08 Elite Boyar
43:36 Crop Rotation
44:09 Two-Man Saw
45:04 Two-Handed Swordsman
48:00 Banking
47:39 Husbandry
49:04 Bloodlines
48:58 Padded Archer Armor
54:07 Scale Barding Armor
55:01 Masonry
58:01 Chain Barding Armor
57:03 Champion
59:54 Leather Archer Armor
63:00 Plate Barding Armor
Frosty zockt
11:19 Feudal Age
12:23 Double-Bit Axe
12:19 Horse Collar
15:14 Castle Age
13:17 Horse Collar
14:19 Loom
15:10 Wheelbarrow
16:17 Heavy Plow
16:33 Bow Saw
17:38 Heavy Plow
23:09 Stone Mining
23:41 Hand Cart
23:59 Gold Mining
25:19 Gold Shaft Mining
30:17 Imperial Age
27:57 Scale Barding Armor
28:41 Husbandry
28:53 Bloodlines
30:11 Chain Barding Armor
30:29 Cavalier
31:43 Conscription
32:12 Plate Barding Armor
32:35 Crop Rotation
33:30 Two-Man Saw
32:44 Paladin
34:14 Fletching
34:24 Padded Archer Armor
34:38 Town Watch
35:03 Bodkin Arrow
35:42 Coinage
36:06 Ballistics
36:47 Chemistry
37:05 Chemistry
38:38 Bracer
38:53 Leather Archer Armor
39:29 Recurve Bow
39:58 Parthian Tactics
39:41 Heavy Cavalry Archer
40:41 Leather Archer Armor
41:48 Thumb Ring
41:34 Elite Magyar Huszar
43:33 Corvinian Army
55:42 Ring Archer Armor
57:49 Caravan
MinGyu
5:30 Loom
10:06 Feudal Age
11:32 Double-Bit Axe
15:52 Castle Age
15:08 Stone Mining
25:57 Husbandry
27:38 Padded Archer Armor
28:50 Gold Mining
29:42 Bloodlines
33:05 Bow Saw
35:53 Imperial Age
34:20 Ballistics
34:45 Fletching
36:02 Leather Archer Armor
36:57 Conscription
38:05 Wheelbarrow
38:19 Murder Holes
39:33 Masonry
39:21 Bodkin Arrow
42:26 Bracer
42:57 Ring Archer Armor
46:24 Horse Collar
46:14 Elite Conquistador
48:03 Hoardings
51:06 Bow Saw
55:18 Stone Shaft Mining
56:40 Supremacy
59:06 Caravan
HappyHalb
9:12 Loom
10:57 Feudal Age
15:13 Castle Age
13:17 Double-Bit Axe
17:46 Horse Collar
19:14 Fletching
21:21 Gold Mining
21:46 Padded Archer Armor
23:08 Bow Saw
24:43 Wheelbarrow
24:54 Leather Archer Armor
24:40 Bodkin Arrow
25:48 Bloodlines
27:06 Husbandry
30:33 Kasbah
31:15 Hand Cart
34:15 Imperial Age
32:40 Thumb Ring
35:00 Ballistics
35:01 Maghrebi Camels
35:02 Bracer
36:25 Ring Archer Armor
38:15 Chemistry
37:56 Gold Shaft Mining
39:10 Stone Mining
39:40 Caravan
41:19 Conscription
43:22 Fortified Wall
43:23 Masonry
46:25 Elite Camel Archer
47:41 Hoardings
47:05 Murder Holes
64:43 Siege Engineers
Chiripa605
7:01 Loom
9:43 Feudal Age
10:13 Double-Bit Axe
10:56 Horse Collar
20:11 Castle Age
19:17 Bloodlines
21:14 Bow Saw
21:24 Heavy Plow
23:12 Wheelbarrow
26:01 Hand Cart
26:28 Scale Barding Armor
26:21 Gold Mining
27:21 Husbandry
28:58 Chain Barding Armor
30:45 Gold Shaft Mining
34:18 Imperial Age
32:46 Forging
34:39 Caravan
35:27 Conscription
34:35 Heavy Camel Rider
35:58 Plate Barding Armor
37:10 Two-Man Saw
36:36 Imperial Camel Rider
39:45 Fortified Wall
40:36 Iron Casting
40:01 Light Cavalry
42:36 Chemistry
41:25 Hussar
49:49 Shatagni
55:26 Padded Archer Armor
56:03 Scale Mail Armor
56:07 Grand Trunk Road
56:14 Elite Ghulam
59:17 Fletching
60:04 Bodkin Arrow
64:28 Chain Mail Armor
smurfik
10:58 Feudal Age
15:56 Castle Age
14:09 Double-Bit Axe
14:44 Horse Collar
18:25 Bow Saw
18:45 Heavy Plow
19:34 Loom
23:50 Wheelbarrow
23:00 Town Watch
23:11 Stone Mining
25:36 Hand Cart
29:21 Imperial Age
26:47 Fletching
28:10 Ballistics
29:29 Scale Mail Armor
29:39 Forging
29:42 Gold Mining
30:09 Squires
29:55 Arson
31:05 Conscription
31:30 Gold Shaft Mining
31:07 Town Patrol
31:56 Chain Mail Armor
32:16 Iron Casting
33:01 Two-Man Saw
33:54 Plate Mail Armor
33:57 Elite Shotel Warrior
34:51 Royal Heirs
36:11 Blast Furnace
36:32 Masonry
38:33 Architecture
39:06 Chemistry
39:04 Siege Engineers
38:58 Murder Holes
44:03 Caravan
46:23 Guilds
Jhois
5:27 Loom
11:15 Feudal Age
16:52 Castle Age
16:37 Double-Bit Axe
18:47 Bow Saw
18:58 Horse Collar
25:10 Fletching
27:07 Bodkin Arrow
28:17 Padded Archer Armor
31:18 Fortified Wall
31:31 Ballistics
31:38 Heavy Plow
31:37 Gold Mining
32:40 Leather Archer Armor
33:47 Bloodlines
33:37 Husbandry
34:36 Wheelbarrow
33:46 Town Watch
38:15 Hand Cart
42:37 Caravan
45:16 Imperial Age
47:54 Murder Holes
48:27 Elite Skirmisher
48:32 Elite Genitour
49:17 Bracer
55:17 Scale Mail Armor
58:15 Thumb Ring
58:29 Stone Mining
59:55 Heavy Scorpion
65:15 Chain Mail Armor
64:24 Pikeman
Connection lost

Rejoining the realm…

Still unreachable

The connection could not be restored.

Session expired

The server has moved on; the page needs a fresh start.